 Dungeon Crawl Stone Soup version 0.29-a0-234-g0dae59b3db (webtiles) character file.

Game seed: 7598270511640034421

20104 HotDog the Spear-Bearer (level 12, -26/108 HPs)
             Began as a Minotaur Fighter on Mar 3, 2022.
             Was an Elder of Nemelex Xobeh.
             Annihilated by a boulder beetle (50 damage)
             ... on level 12 of the Dungeon.
             The game lasted 00:27:19 (16104 turns).

HotDog the Spear-Bearer (Minotaur Fighter)         Turns: 16104, Time: 00:27:19

Health: -26/108    AC: 21    Str: 26    XL:     12   Next: 42%
Magic:  5/5        EV: 11    Int:  5    God:    Nemelex Xobeh [****..]
Gold:   651        SH: 11    Dex: 12    Spells: 11/11 levels left

rFire   . . .      SeeInvis .   m - +5 spear "Hoareff" {antimagic, Fly rN+ Str+4}
rCold   . . .      Faith    .   c - +0 buckler
rNeg    + + .      Spirit   .   w - +0 chain mail
rPois   .          Reflect  +   (helmet restricted)
rElec   +          Harm     .   A - +2 cloak {Will+}
rCorr   .          Rampage  .   D - +0 pair of gloves
Will    ++...                   G - +2 pair of boots {Fly}
Stlth   ..........              g - amulet of reflection
HPRegen 0.28/turn               p - ring of the Scavenger {Wiz rElec rN+ Str-2}
MPRegen 0.09/turn               F - ring of willpower

@: flying
A: horns 2, retaliatory headbutt
a: Renounce Religion, Draw Escape, Draw Destruction, Draw Summoning, Triple
Draw, Deal Four


You were on level 12 of the Dungeon.
You worshipped Nemelex Xobeh.
Nemelex Xobeh was greatly pleased with you.
You visited 2 branches of the dungeon, and saw 13 of its levels.
You also visited: Bailey.

You collected 846 gold pieces.
You spent 195 gold pieces at shops.

Inventory:

Hand Weapons
 m - the +5 spear "Hoareff" (weapon) {antimagic, Fly rN+ Str+4}
   (You found it on level 2 of the Dungeon)

   It reduces the magical energy of the wielder, and disrupts the spells and
   magical abilities of those it strikes.
   Natural abilities and divine invocations are not affected.
   Str:       It affects your strength (+4).
   rN:        It protects you from negative energy.
   Fly:       It grants you flight.
Armour
 c - a +0 buckler (worn)
 w - a +0 chain mail (worn)
 A - a +2 cloak of willpower (worn)
 D - a +0 pair of gloves (worn)
 G - a +2 pair of boots of flying (worn)
Jewellery
 g - an amulet of reflection (around neck)
 j - an amulet of faith
 p - the ring of the Scavenger (left hand) {Wiz rElec rN+ Str-2}
   (You found it on level 3 of the Dungeon)

   [ring of wizardry]

   It improves your spell success rate.
   Str:       It affects your strength (-2).
   rElec:     It insulates you from electricity.
   rN:        It protects you from negative energy.
 F - a ring of willpower (right hand)
 I - a ring of resist corrosion
 K - a +6 ring of strength
Wands
 v - a wand of paralysis (4)
 E - a wand of flame (59)
 J - a wand of digging (3)
Scrolls
 a - a scroll of enchant weapon {unknown}
 i - 2 scrolls of noise
 l - 8 scrolls of teleportation
 o - 2 scrolls of blinking
 q - 2 scrolls of amnesia
 s - a scroll of fear
 t - a scroll of fog
 u - a scroll of immolation
 x - a scroll of identify
 y - a scroll of enchant armour
Potions
 b - 2 potions of ambrosia
 d - a potion of might
 e - 2 potions of curing
 f - a potion of invisibility
 h - 3 potions of berserk rage {unknown}
 k - a potion of attraction {unknown}
 n - a potion of haste {unknown}
 r - a potion of mutation {unknown}
 z - a potion of degeneration {unknown}
 B - 4 potions of heal wounds
 C - 4 potions of flight
 H - 2 potions of cancellation {unknown}
 L - a potion of brilliance {unknown}


   Skills:
 * Level 10.8 Fighting
 - Level 3.3 Long Blades
 * Level 12.7 Polearms
 * Level 12.1 Armour
 + Level 6.3 Dodging
 + Level 11.1 Shields
 * Level 6.3 Invocations


You had 11 spell levels left.
You didn't know any spells.
Your spell library contained the following spells:

 Spells                   Type           Power      Damage    Failure   Level
 Animate Skeleton         Necr           0%         N/A       69%         1
 Apportation              Tloc           0%         N/A       69%         1
 Sting                    Tmut/Pois      0%         1d3       69%         1
 Summon Small Mammal      Summ           0%         N/A       69%         1
 Blink                    Tloc           0%         N/A       82%         2
 Poisonous Vapours        Pois/Air       0%         N/A       82%         2
 Gell's Gravitas          Tloc           0%         N/A       96%         3
 Ignite Poison            Fire/Tmut/Pois 0%         N/A       96%         3
 Lesser Beckoning         Tloc           0%         N/A       96%         3
 Mephitic Cloud           Conj/Pois/Air  0%         N/A       96%         3
 Teleport Other           Tloc           0%         N/A       96%         3
 Olgreb's Toxic Radiance  Pois           0%         N/A       100%        4
 Passage of Golubria      Tloc           0%         N/A       100%        4
 Freezing Cloud           Conj/Ice/Air   0%         6-21      100%        5
 Manifold Assault         Tloc           0%         N/A       100%        5
 Silence                  Hex/Air        0%         N/A       100%        5
 Storm Form               Tmut/Air       0%         N/A       100%        7
 Lehudib's Crystal Spear  Conj/Erth      0%         10d2      100%        8


Dungeon Overview and Level Annotations

Branches:
Dungeon (12/15)            Temple (1/1) D:4            Lair (0/6) D:11
    Orc (0/2) D:11         Bailey (visited)

Altars:
Ashenzari
Cheibriados
Dithmenos
Elyvilon
Fedhas
Gozag
Hepliaklqana
Kikubaaqudgha
Makhleb
Nemelex Xobeh
Okawaru
Qazlal
Ru
Sif Muna
Trog
Uskayaw
Vehumet
Wu Jian
Xom
Yredelemnul
Zin
The Shining One
Beogh

Shops:
D:8 *   D:9 !   D:10 *   D:11 (

Annotations:
D:5 1 runed translucent door, mfcas's ghost, novice MiHu


Innate Abilities, Weirdness & Mutations

You have a pair of horns on your head.
You reflexively headbutt those who attack you in melee.


Message History

You reach to attack!
You hit the acid dragon.
You kill the acid dragon!
A deep elf pyromancer comes into view. It is wielding a +0 long sword.
You hit the howler monkey.
You kill the howler monkey!
The boulder beetle curls into a ball and begins rolling!
The cyclops throws a large rock.
The large rock hits you!!
You reach to attack!
You puncture the cyclops!
The cyclops is heavily wounded.
A deep elf pyromancer comes into view. It is wielding a +0 rapier.
The deep elf pyromancer shouts!
The boulder beetle curls into a ball and begins rolling!
The deep elf pyromancer hits you but does no damage.
The deep elf pyromancer mumbles some strange words.
You block the fire elemental's attack.
The boulder beetle stops rolling and uncurls.
Found a pair of boots.
The fire elemental hits you. The fire elemental burns you!
The boulder beetle curls into a ball and begins rolling!
You are no longer corroded.
The boulder beetle is engulfed in blazing flames. x2
The fire elemental closely misses you.
The deep elf pyromancer is engulfed in blazing flames.
Found a stone staircase leading down and a stone staircase leading up.
The boulder beetle stops rolling and uncurls.
The deep elf pyromancer is engulfed in blazing flames.
Found a potion of heal wounds.
The boulder beetle leaps!
The fire elemental hits you. The fire elemental burns you!
The fire elemental hits you. The fire elemental burns you!
The fire elemental misses you. The fire elemental misses you.
The fire elemental hits you. The fire elemental burns you!
The fire elemental disappears in a puff of smoke!
The boulder beetle waves its antennae.
The boulder beetle curls into a ball and begins rolling!
The cyclops throws a large rock.
The large rock hits you!
* * * LOW HITPOINT WARNING * * *
The boulder beetle hits you!!!
You die...
Your body disappears without a glow.

#.##########
#######.###.....#
#.))>)))))#.....#
#)#######.).....#
#)# ###._...# #.#
#.....# #.# #######
#.# #@#
##############B#
#..........°°○.#
#.########..#..# #
#.#
#..#..#########.####
#.#
#..#........[.!.....
#B#####
#.........e..##<.#
#.....#
##.#C......e..>..#
#####.#
#.#.#######.##..#


You could see a boulder beetle (rolling) and a cyclops.

Vanquished Creatures
  A hydra (D:12)
  2 two-headed ogres
  2 ugly things (D:12)
  An orc knight (Bailey)
  5 manticores
  A cyclops (D:11)
  An unseen horror (D:11)
  3 kobold demonologists
  3 trolls
  A hornet (D:9)
  A shadow (D:10)
  A wyvern (D:9)
  6 yaks (D:9)
  2 wraiths
  2 steam dragons
  Edmund (D:6)
  3 water moccasins
  2 acid dragons
  19 orc warriors
  An ice beast (D:5)
  A sky beast (D:5)
  8 ogres
  4 wolves
  10 centaurs
  A phantom (D:6)
  17 kobold brigands
  4 bullfrogs
  A gnoll sergeant (D:8)
  4 scorpions
  Blork the orc (D:4)
  15 wights
  13 killer bees
  3 howler monkeys
  3 jellies
  2 gnoll shamans
  3 hounds
  9 orc priests
  Ijyb (D:4)
  4 iguanas
  12 orc wizards
  Robin (D:3)
  6 adders
  12 gnolls
  A shadow imp (D:7)
  2 ufetubi
  3 worms (D:3)
  2 dart slugs (D:1)
  57 orcs
  11 ball pythons
  13 endoplasms
  6 giant cockroaches
  21 goblins
  13 hobgoblins
  3 jackals (D:3)
  30 kobolds
  3 quokkas
  5 bats
  3 frilled lizards
  10 rats
376 creatures vanquished.

Vanquished Creatures (collateral kills)
  Amaemon (D:11)
  A deep elf pyromancer (D:9)
  An ugly thing (D:9)
  A cyclops (D:9)
  An orange demon (D:11)
  2 killer bees (D:9)
  A jelly (D:8)
  An orc priest (D:8)
  3 orcs
12 creatures vanquished.

Vanquished Creatures (others)
  A vampire (D:9)
  A kobold brigand (D:11)
  A hound (D:11)
  2 kobolds
  11 plants (D:12)
  2 withered plants (D:5)
18 creatures vanquished.

Grand Total: 406 creatures vanquished

Notes
Turn   | Place    | Note
-------+----------+-------------------------------------------
     0 | D:1      | HotDog the Minotaur Fighter began the quest for the Orb.
     0 | D:1      | Reached XP level 1. HP: 19/19 MP: 0/0
     6 | D:1      | Noticed a four-headed hydra
     6 | D:1      | Noticed a polar bear
     7 | D:1      | Noticed a water moccasin
   228 | D:1      | Reached XP level 2. HP: 27/27 MP: 1/1
  1627 | D:2      | Reached XP level 3. HP: 33/33 MP: 2/2
  2176 | D:2      | Identified the +5 spear "Hoareff" {antimagic, Fly rN+
                  | Str+4}
  2326 | D:3      | Noticed Robin
  2375 | D:3      | Killed Robin
  2376 | D:3      | Reached XP level 4. HP: 40/40 MP: 1/3
  2380 | D:3      | Reached skill level 1 in Dodging
  2493 | D:3      | Reached skill level 1 in Polearms
  2519 | D:3      | Found an ornate altar of the Wu Jian Council.
  2664 | D:3      | Reached XP level 5. HP: 47/47 MP: 1/4
  2676 | D:3      | Identified the ring of the Scavenger {Wiz rElec rN+ Str-2}
  3148 | D:4      | Found a basalt altar of Yredelemnul.
  3150 | D:4      | Noticed a profane servitor
  3160 | D:4      | Found a glowing golden altar of the Shining One.
  3323 | D:4      | Noticed an angel
  3392 | D:4      | Found a staircase to the Ecumenical Temple.
  3404 | Temple   | Entered the Ecumenical Temple
  3690 | Temple   | Became a worshipper of Nemelex Xobeh the Trickster
  3731 | D:4      | Noticed Ijyb
  3731 | D:4      | Paralysed by Ijyb for 7 turns
  3759 | D:4      | Paralysed by Ijyb for 7 turns
  3767 | D:4      | Killed Ijyb
  3768 | D:4      | Reached XP level 6. HP: 43/53 MP: 1/5
  3948 | D:4      | Noticed Blork the orc
  3958 | D:4      | Killed Blork the orc
  3959 | D:4      | Reached skill level 5 in Armour
  4103 | D:4      | Found a shimmering blue altar of Sif Muna.
  4385 | D:4      | Reached skill level 5 in Shields
  4385 | D:4      | Reached skill level 1 in Invocations
  4904 | D:5      | Entered Level 5 of the Dungeon
  4910 | D:5      | Reached skill level 5 in Fighting
  4993 | D:5      | Noticed an ice beast
  5002 | D:5      | Killed an ice beast
  5003 | D:5      | Reached XP level 7. HP: 51/61 MP: 1/7
  5578 | D:5      | Reached skill level 5 in Polearms
  5669 | D:5      | Reached XP level 8. HP: 51/69 MP: 2/8
  5844 | D:5      | Reached * piety under Nemelex Xobeh
  5916 | D:5      | Found a runed translucent door.
  5919 | D:5      | Noticed mfcas's ghost (novice MiHu)
  6732 | D:6      | Received a gift from Nemelex Xobeh
  7394 | D:6      | Reached ** piety under Nemelex Xobeh
  7742 | D:6      | Noticed Edmund
  7749 | D:6      | Killed Edmund
  7750 | D:6      | Reached XP level 9. HP: 74/75 MP: 3/10
  7965 | D:6      | Received a gift from Nemelex Xobeh
  8220 | D:7      | Found a blossoming altar of Fedhas.
  8516 | D:7      | Reached *** piety under Nemelex Xobeh
  9151 | D:8      | Found Jeunwyce's Assorted Antiques.
 10174 | D:9      | Reached XP level 10. HP: 70/86 MP: 4/12
 10274 | D:9      | Found Jioh's Distillery.
 10299 | D:9      | Received a gift from Nemelex Xobeh
 10304 | D:9      | Reached skill level 5 in Dodging
 10317 | D:9      | Found an iron altar of Okawaru.
 10317 | D:9      | Found a faded altar of an unknown god.
 10502 | D:9      | Found a flagged portal.
 10509 | Bailey   | Entered a bailey
 10561 | Bailey   | Noticed an orc knight
 10778 | Bailey   | Killed an orc knight
 11272 | Bailey   | Reached skill level 10 in Polearms
 11546 | D:9      | Found a radiant altar of Vehumet.
 11548 | D:9      | Found a glowing silver altar of Zin.
 11550 | D:9      | Found a faded altar of an unknown god.
 11587 | D:9      | Noticed a two-headed ogre
 11622 | D:9      | Killed a two-headed ogre
 11803 | D:9      | Reached skill level 5 in Invocations
 11856 | D:9      | Identified the +6 triple crossbow "Ymitesch" {speed, rPois}
 11987 | D:9      | Noticed a manticore
 11995 | D:9      | Killed a manticore
 11996 | D:9      | Reached XP level 11. HP: 94/94 MP: 4/13
 12004 | D:9      | Noticed a deep elf pyromancer
 12004 | D:9      | Noticed a green ugly thing
 12009 | D:9      | Killed a deep elf pyromancer
 12010 | D:9      | Reached skill level 10 in Armour
 12014 | D:9      | Killed a green ugly thing
 12602 | D:9      | Reached **** piety under Nemelex Xobeh
 12719 | D:9      | Bought a potion of heal wounds for 75 gold pieces
 12719 | D:9      | Bought a potion of heal wounds for 75 gold pieces
 12719 | D:9      | Bought a potion of curing for 45 gold pieces
 12774 | D:10     | Entered Level 10 of the Dungeon
 12885 | D:10     | Found Nogitur's Assorted Antiques.
 12930 | D:10     | Found a stormy altar of Qazlal.
 12962 | D:10     | Noticed a sun demon
 13135 | D:10     | Noticed a two-headed ogre
 13156 | D:10     | Killed a two-headed ogre
 13180 | D:10     | Received a gift from Nemelex Xobeh
 13507 | D:11     | Noticed Grum
 13508 | D:11     | Found a staircase to the Lair.
 13852 | D:11     | Noticed Grum
 13852 | D:11     | Grum changed into Grum the steam dragon
 13861 | D:10     | Killed Grum the steam dragon
 13872 | D:10     | Reached skill level 10 in Shields
 14069 | D:11     | Identified the +8 long sword "Ymemu" {vorpal, rPois}
 14325 | D:11     | Noticed Amaemon
 14334 | D:11     | Killed Amaemon
 14337 | D:11     | Reached skill level 10 in Fighting
 14337 | D:11     | Reached XP level 12. HP: 92/106 MP: 5/15
 14524 | D:11     | Found Anuasam's Weapon Emporium.
 14526 | D:11     | Found a staircase to the Orcish Mines.
 14633 | D:11     | Received a gift from Nemelex Xobeh
 15840 | D:12     | Noticed a five-headed hydra
 15850 | D:12     | Killed a five-headed hydra
 16024 | D:12     | Received a gift from Nemelex Xobeh
 16042 | D:12     | Noticed a boulder beetle
 16104 | D:12     | Annihilated by a boulder beetle

Illustrated notes

Levels and vault maps discovered:
D:1:      onia_arrival_zoo_common, layout_loops_ring, nicolae_figureground_pulse
D:2:      layout_basic, minmay_hexomino_u4
D:3:      layout_rooms, lemuel_round_altar, minmay_misc_feat_rows,
          minmay_large_rounded_square, st_stairs_13, minivault_24,
          grunt_ministairs_15, minmay_starry_boxes, uniq_robin
D:4:      layout_loops_ring, tgw_sif, grunt_temple_overflow_holy_war,
          minmay_temple_entry_glassed_door, minmay_box_of_dots, uniq_ijyb
D:5:      layout_loops_ring, gammafunk_ghost_grave, minmay_between
D:6:      layout_gridville, uniq_edmund
D:7:      layout_rooms, fedhas_altar_3
D:8:      layout_basic, serial_shops, shop
D:9:      layout_roguey, chequers_temple_overflow_minitemple, enter_bailey_2,
          nicolae_inconvenience_store, eino_small_chamber_without_monster,
          minmay_pinched_square
D:10:     layout_roguey [special_room_kobold], grunt_qazlal_clouds,
          serial_shops, nicolae_lakefront_shop
D:11:     layout_gridville, erik_lair_island, orc_david_3, uniq_amaemon,
          uniq_grum
D:12:     layout_loops_ring, special_room [special_room_orc], serial_shops,
          nicolae_shop_crystal, minmay_shattered_shrine
Temple:   oiseaux_autumnal_temple

Skill      XL: |  1  2  3  4  5  6  7  8  9 10 11 12 |
---------------+-------------------------------------+-----
Armour         | 4 5 6 8 9 11 12 | 12.1
Fighting       | 4 5 6 7 8 10 | 10.8
Shields        | 4 5 6 7 9 10 11 | 11.1
Long Blades    | 3 |  3.3
Dodging        | 1 2 3 4 5 6 |  6.3
Polearms       | 1 2 4 5 7 9 10 12 | 12.7
Invocations    | 1 2 3 4 5 6 |  6.3

Action                   |  1- 3 |  4- 6 |  7- 9 | 10-12 || total
-------------------------+-------+-------+-------+-------++-------
Melee: Long sword        |   101 |       |       |       ||   101
       Headbutt          |    14 |    19 |    60 |   148 ||   241
       Spear             |    10 |   160 |   391 |   715 ||  1276
Invok: Draw Destruction  |       |       |     4 |    13 ||    17
       Draw Summoning    |       |       |     1 |     3 ||     4
       Draw Escape       |       |       |       |     3 ||     3
       Triple Draw       |       |       |       |     2 ||     2
  Use: Scroll            |     6 |     2 |     3 |       ||    11
       Potion            |       |     1 |     2 |     2 ||     5
 Stab: Petrified         |       |       |    11 |       ||    11
Armor: Scale mail        |    42 |    20 |       |       ||    62
       Chain mail        |       |     7 |    85 |   184 ||   276
Dodge: Dodged            |    29 |    31 |    80 |   177 ||   317
Block: Buckler           |    52 |    47 |   121 |   258 ||   478
       Reflection        |       |     2 |     3 |    24 ||    29

Table legend: (Time is in decaauts)
 A = Elapsed time spent in this place.
 B = Non-inter-level travel time spent in this place.
 C = Inter-level travel time spent in this place.
 D = Time resting spent in this place.
 E = Time spent auto-exploring this place.
 F = Levels seen in this place.
 G = Mean time per level.
                   A        B        C        D        E       F      G
               +--------+--------+--------+--------+--------+-----+--------+
         Total |  15753 |  14964 |    789 |   2161 |  10063 |  14 | 1125.2 |
       Dungeon |  14534 |  13854 |    680 |   1675 |   9750 |  12 | 1211.2 |
        Temple |    302 |    193 |    109 |      0 |    179 |   1 |  302.0 |
        Bailey |    916 |    916 |      0 |    486 |    134 |   1 |  916.0 |
               +--------+--------+--------+--------+--------+-----+--------+

Top non-repeatable levels by time:
     D:9: 1802 daAuts
     D:5: 1756 daAuts
     D:4: 1469 daAuts
     D:6: 1404 daAuts
     D:1: 1366 daAuts
     D:8: 1241 daAuts
    D:10: 1182 daAuts
    D:11: 1028 daAuts
     D:2: 1020 daAuts
    D:12: 926 daAuts
  Bailey: 916 daAuts
     D:3: 781 daAuts
     D:7: 555 daAuts
  Temple: 302 daAuts
